Unix NetHack Version 3.7.0-102 Work-in-progress - last build Apr 6 2024 13:22:21 (d302a6a9ff6341f1a922d8f5af178406b35fdf99,branch:master). Game began 2024-04-30 12:07:23, ended 2024-04-30 14:15:03. farfar, chaotic female elven Wizard ---------------------------------# ------- |.......[.......................|# |.....| |.--------.------......------...|# |.....| |.|.[!%|...|(((.-......|(.(/|...|# |.....| |.-.!%*|...|(((.|......|.((.-...|# ---|--- ##..|[%!+|...|((( |......|(.((|...|# # ###### |.--------+------...--------|...|# # ######## |.............{....|...@|%%!|...|# # ## -----# |.-----|----.......|.@@.|!.%|...|# # # |...+ |.|..|..|..|.......|....|%%%|...|# ## ----- # |...| |.|..|..|..|......{|....|...|...|# # |...|### |...| |.-|-----|--.......----|-|---...|# ----.-- |....# |.^.| |...............................|# # #|.....| |..<| |%>.| |.----|--.......----|---|----...|# # ##......| |...| ###....| |.-..|..|.......|..|..|..| |....######|.....| |....### ----- |.|..|..|.......-..|..|..| +...| #####......| ----- -------------------------- ----- # ------- Farfar the Thaumaturge St:9 Dx:12 Co:16 In:19 Wi:11 Ch:12 Chaotic S:3739 Dlvl:7 $:317 HP:0(60) Pw:32(91) AC:5 Xp:7/650 T:3515 Latest messages: You feel more confident in your spell casting skills. There are two objects here. You see here a smoky potion (for sale, 20 zorkmids). You see here a leather armor (for sale, 5 zorkmids). You see here a smoky potion (for sale, 20 zorkmids). There are two objects here. "For you, most gracious hiril; only 8 zorkmids for this corpse." N - a giant ant corpse (unpaid, 8 zorkmids). A giant ant corpse for 8 zorkmids. Pay? [yn] (n) You bought a giant ant corpse for 8 gold pieces. "Thank you for shopping in Asidonhopo's general store!" You see here a dwarvish mattock. J - a dwarvish mattock. You stop. The watchman is in the way! The priestess of Thoth intones: "Pilgrim, you enter a sacred place!" You have a forbidding feeling... Pick an object. @ a human or elf (peaceful watchman) [seen: normal vision, infravision] What do you want to drop? [$a-pr-zA-JLN-UWYZ or ?*] A giant ant corpse lands on the altar. # There is an uncursed giant ant corpse here; sacrifice it? [ynq] (n) Your sacrifice is consumed in a burst of flame! You sense a conflict between Anhur and Thoth. You feel the power of Anhur increase. The altar glows black. The priestess of Thoth gets angry! "Halt! You're under arrest!" An angry guard is approaching! The priestess of Thoth wields a mace! The mace welds itself to the priestess of Thoth's hand! The priestess of Thoth kicks! The air crackles around the priestess of Thoth. Pick an object. @ a human or elf (elven wizard called farfar) You hit the priestess of Thoth! The watchman wields a spear! The priestess of Thoth swings her mace. The priestess of Thoth hits! The priestess of Thoth kicks! The priestess of Thoth points at you, then curses. In what direction? The spell hits the priestess of Thoth! The priestess of Thoth swings her mace. The priestess of Thoth hits! You die... Do you want your possessions identified? [ynq] (y) Do you want to see your attributes? [ynq] (y) Do you want an account of creatures vanquished? [ynaq] (y) Inventory: Coins $ - 317 gold pieces Weapons A - a +0 sling D - 7 +0 darts E - a +0 dagger J - a blessed +0 dwarvish mattock a - a blessed +1 quarterstaff (weapon in hands) Armor B - an uncursed +0 pair of iron shoes (being worn) b - an uncursed +0 cloak of magic resistance (being worn) C - a blessed +0 dwarvish cloak Comestibles P - an uncursed candy bar labeled "Snacky Cake" Q - 2 uncursed food rations Y - an uncursed lembas wafer l - an uncursed tripe ration Z - an uncursed tripe ration t - an uncursed tin of spinach Scrolls R - an uncursed scroll of amnesia i - an uncursed scroll of identify k - an uncursed scroll of light S - an uncursed scroll of magic mapping p - an uncursed scroll of scare monster j - an uncursed scroll of teleportation Potions W - a cursed potion of confusion G - a blessed potion of extra healing L - an uncursed potion of healing H - 2 uncursed potions of invisibility h - 2 uncursed potions of paralysis f - an uncursed potion of polymorph O - an uncursed potion of sickness g - 2 uncursed potions of water Rings e - an uncursed +1 ring of adornment (on left hand) d - an uncursed +2 ring of protection (on right hand) Wands c - a wand of light (0:11) u - a wand of secret door detection (0:12) T - a wand of sleep named stop/death (0:7) y - a wand of striking (0:5) s - a wand of teleportation (0:5) Tools n - an uncursed wooden flute r - an uncursed blindfold F - an uncursed lock pick m - a magic marker (0:21) U - an uncursed skeleton key v - an uncursed stethoscope I - an uncursed tin whistle z - an uncursed wax candle Gems/Stones w - an uncursed worthless piece of red glass x - an uncursed worthless piece of yellowish brown glass o - an uncursed luckstone Farfar the Wizard's attributes: Background: You were a Thaumaturge, a level 7 female elven Wizard. You were chaotic, on a mission for Anhur who was opposed by Ptah (lawful) and Thoth (neutral). You were left-handed. You were in the Gnomish Mines, on level 7. You entered the dungeon 3515 turns ago. You had 650 experience points, 630 more were needed to attain level 8. Your score was 3739 before end-of-game adjustments. Basics: You had 0 out of 60 hit points. You had 32 out of 91 energy points (spell power). Your armor class was 5. Your wallet contained 317 zorkmids. Autopickup was off. Final Characteristics: Your strength was 9 (limit:18). Your dexterity was 12 (peak:13, limit:18). Your constitution was 16 (limit:16). Your intelligence was 19 (limit:20). Your wisdom was 11 (limit:20). Your charisma was 12 (base:11, limit:18). Final Status: You weren't hungry. You were unencumbered. You were wielding a quarterstaff. You were skilled in quarterstaff. Final Attributes: You were piously aligned. You were magic-protected. You were sleep resistant. You were telepathic. You had infravision. You were more charismatic. You had a small defense bonus (+2). You were guarded. You were lucky. You had extra luck. Bad luck did not time out for you. Good luck did not time out for you. You are dead. Miscellaneous: You never encountered a bones level. Total elapsed playing time was 1 hour, 7 minutes and 11 seconds. Major events: Turn 1: farfar the chaotic female elven Wizard entered the dungeon 745: attained the rank of Conjurer (level 3) 1679: entered the Gnomish Mines 2830: attained the rank of Thaumaturge (level 6) 3032: reached Mine Town 3515: killed by a priestess of Thoth Vanquished creatures: a ghost 2 small mimics a dingo a blue jelly a human zombie a pony 5 gnome leaders 2 gnomish wizards a gray ooze a giant ant 2 floating eyes a kitten 4 dwarves 2 iguanas an acid blob 2 coyotes a gas spore a large kobold a cave spider a red mold 15 gnomes a gnome zombie 11 jackals a fox 2 goblins 3 sewer rats 3 grid bugs 6 lichens 3 newts 77 creatures vanquished. No species were genocided or became extinct. Voluntary challenges: You read items or engraved 6 times. You engraved Elbereth 2 times. You never genocided any monsters. You never polymorphed an object. You never changed form. You used no wishes. Achievements: You entered a shop. You attained the rank of Conjurer. You entered the Gnomish Mines. You attained the rank of Thaumaturge. You entered Minetown. You entered a temple. The Dungeons of Doom: levels 1 to 7 Level 1: Level 2: Some fountains. Level 3: Level 4: A fountain. Stairs down to The Gnomish Mines. Level 5: A fountain. Level 6: Level 7: A fountain. The Gnomish Mines: levels 5 to 8 Level 5: Level 6: Level 7: <- You were here. A temple and an altar to Anhur, some fountains. Final resting place for you, killed by a priestess of Thoth. Level 8: Game over: ---------- / \ / REST \ / IN \ / PEACE \ / \ | farfar | | 317 Au | | killed by a | | priestess of | | Thoth | | | | 2024 | *| * * * | * _________)/\\_//(\/(/\)/\//\/|_)_______ Goodbye farfar the Wizard... You died in The Gnomish Mines on dungeon level 7 with 3708 points, and 317 pieces of gold, after 3515 moves. You were level 7 with a maximum of 60 hit points when you died.